 Dungeon Crawl Stone Soup version 0.28.0 (webtiles) character file.

Game seed: 16300642706575651188

221 Prodoman the Magician (level 5, -9/35 HPs)
             Began as a Demonspawn Hedge Wizard on Feb 4, 2022.
             Killed by an exploding adder (29 damage)
             ... ignited by their inner flame
             ... on level 4 of the Dungeon.
             The game lasted 00:16:03 (4323 turns).

Prodoman the Magician (Demonspawn Hedge Wizard)     Turns: 4323, Time: 00:16:04

Health: -9/35      AC:  6    Str: 10    XL:     5   Next: 65%
Magic:  7/10       EV: 12    Int: 18    God:
Gold:   179        SH:  0    Dex: 12    Spells: 10/11 levels left

rFire   . . .      SeeInvis .   f - staff of cold
rCold   + . .      Faith    .   (no shield)
rNeg    . . .      Spirit   .   b - +0 robe
rPois   +          Reflect  .   c - +0 hat
rElec   .          Harm     .   (no cloak)
rCorr   .          Rampage  .   (no gloves)
Will    .....                   (no boots)
Stlth   +.........              (no amulet)
HPRegen 0.11/turn               k - ring of poison resistance
MPRegen 0.12/turn               v - +4 ring of protection

@: silenced
A: claws 1
a: no special abilities


You were on level 4 of the Dungeon.
You visited 1 branch of the dungeon, and saw 4 of its levels.

You collected 179 gold pieces.

Inventory:

Hand Weapons
 a - a +0 dagger
 d - a +2 whip of draining
 m - a +0 dagger
 n - a +2 dagger of venom
 q - a +2 dagger of freezing
Armour
 b - a +0 robe (worn)
 c - a +0 hat (worn)
 h - a +0 scale mail
 s - a +0 tower shield
Magical Staves
 f - a staff of cold (weapon)
Jewellery
 k - a ring of poison resistance (left claw)
 v - a +4 ring of protection (right claw)
Wands
 p - a wand of flame (18)
Scrolls
 o - a scroll of magic mapping {unknown}
 r - a scroll of identify {unknown}
 t - a scroll of teleportation {unknown}
 w - a scroll of amnesia {unknown}
Potions
 e - 3 potions of flight {unknown}
 i - a potion of brilliance {unknown}
 l - 4 potions of heal wounds
 u - a potion of invisibility {unknown}
 x - a potion of degeneration {unknown}


   Skills:
 + Level 1.3 Armour
 + Level 2.5 Dodging
 - Level 2.5 Stealth
 + Level 3.5 Spellcasting
 + Level 2.2 Conjurations
 + Level 2.1 Summonings
 + Level 1.9 Translocations
 - Level 1.1 Evocations


You had 10 spell levels left.
You knew the following spells:

 Your Spells              Type           Power      Damage    Failure   Level
a - Magic Dart            Conj           44%        1d5       6%          1

Your spell library contained the following spells:

 Spells                   Type           Power      Damage    Failure   Level
 Call Imp                 Summ           11%        N/A       10%         2
 Blink                    Tloc           20%        N/A       11%         2
 Slow                     Hex            12%        N/A       16%         1
 Conjure Flame            Conj/Fire      7%         6-21      28%         3
 Mephitic Cloud           Conj/Pois/Air  5%         N/A       34%         3


Dungeon Overview and Level Annotations

Branches:
Dungeon (4/15)
 Temple: D:4-7

Altars:


Innate Abilities, Weirdness & Mutations

You have sharp fingernails.


Message History

It was a scroll of immolation.
The adder completely misses you.
A jelly comes into view.
As you read the scroll labelled BOIP FOOTUMA, it crumbles to dust.
A profound silence engulfs you.
It was a scroll of silence.
The jelly quivers.
The adder bites you. The adder bites you but does no damage.
Magic scrolls do not work when you're silenced!
Unknown command.
Magic scrolls do not work when you're silenced!
You cannot cast spells when silenced!
Hit: f) staff of cold
Press: ? - help, Dir - move target, f - adder, p - orc priest
Aim: an adder (silenced, inner flame, about 58% to evade your staff of cold)
You barely miss the adder. The adder misses you.
Hit: f) staff of cold
Press: ? - help, Dir - move target, f/p - adder
Aim: an adder (silenced, inner flame, about 58% to evade your staff of cold)
You hit the adder but do no damage. The adder closely misses you.
The adder bites you but does no damage.
Hit: f) staff of cold
Press: ? - help, Dir - move target, f/p - adder
Aim: an adder (silenced, inner flame, about 58% to evade your staff of cold)
You closely miss the adder. The adder closely misses you.
The adder bites you but does no damage.
Hit: f) staff of cold
Press: ? - help, Dir - move target, f/p - adder
Aim: an adder (silenced, inner flame, about 58% to evade your staff of cold)
You barely miss the adder. The adder bites you but does no damage.
Hit: f) staff of cold
Press: ? - help, Dir - move target, f/p - adder
Aim: an adder (silenced, inner flame, about 58% to evade your staff of cold)
You hit the adder.
Flame seeps out of the adder.
The adder is moderately wounded.
The adder is engulfed in blazing flames.
The adder explodes!
The fiery explosion engulfs the orc wizard!!!
The fiery explosion engulfs you!!
Ouch! That really hurt!
You die...

.J ..# .##..#
# ..#..#
..##.##J..#
......ooo#
#o# #)# #○##
#@§##
##.#.######..
#.#..........
#...
##...######.#
#... ##.##
.... #.# ...
#.# .. #.# #.
#.# #.


You could see a jelly, an orc priest (inner flame), an orc wizard (inner flame)
and 2 orcs.

Vanquished Creatures
  A bullfrog zombie (D:3)
  A hound (D:4)
  Natasha (twice) (D:4)
  An orc wizard (D:4)
  3 adders
  A dart slug (D:1)
  3 worms
  2 orcs (D:3)
  4 ball pythons
  8 endoplasms
  4 giant cockroaches
  8 goblins
  8 hobgoblins
  4 jackals (D:4)
  4 quokkas
  12 bats
  3 frilled lizards
  6 kobolds
  3 rats
78 creatures vanquished.

Notes
Turn   | Place    | Note
-------+----------+-------------------------------------------
     0 | D:1      | Prodoman the Demonspawn Hedge Wizard began the quest for
                  | the Orb.
     0 | D:1      | Reached XP level 1. HP: 13/13 MP: 4/4
   233 | D:1      | Reached skill level 1 in Translocations
   363 | D:1      | Gained mutation: You have sharp fingernails. [demonic
                  | ancestry]
   363 | D:1      | Reached XP level 2. HP: 19/19 MP: 0/6
  1032 | D:1      | Reached XP level 3. HP: 24/24 MP: 4/7
  1398 | D:2      | Found a faded altar of an unknown god.
  2735 | D:3      | Reached XP level 4. HP: 30/30 MP: 1/8
  3361 | D:3      | Reached skill level 1 in Armour
  3738 | D:4      | Noticed Natasha
  3746 | D:4      | Killed Natasha
  3747 | D:4      | Reached XP level 5. HP: 35/35 MP: 2/10
  3846 | D:4      | Reached skill level 1 in Evocations
  4055 | D:4      | Noticed Natasha
  4090 | D:4      | Killed Natasha
  4307 | D:4      | Identified a scroll of acquirement
  4307 | D:4      | Acquired a staff of cold
  4323 | D:4      | Killed by an exploding adder... ignited by their inner
                  | flame

Illustrated notes

Levels and vault maps discovered:
D:1:      ncdulo_watergridlock, layout_basic, minmay_misc_feat_nine_boxes
D:2:      layout_loops_ring, chequers_ecumenical_altar_island,
          chequers_serial_rivers_small_3, grunt_decor_mini_mirrors,
          minivault_14, minmay_worlds_worst_comb
D:3:      layout_basic, grunt_ministairs_15
D:4:      layout_loops_ring, mainiacjoe_overflow_small_starburst, uniq_natasha,
          uniq_blork_the_orc

Skill      XL: |  1  2  3  4  5 |
---------------+----------------+-----
Translocations | 1 |  1.9
Stealth        | 2 |  2.5
Dodging        | 2 |  2.5
Armour         | 1 |  1.3
Conjurations   | 2 |  2.2
Evocations     | 1 |  1.1
Summonings     | 2 |  2.1
Spellcasting   | |  3.5

Action                   |  1- 3 |  4- 6 || total
-------------------------+-------+-------++-------
Melee: Dagger            |     5 |    25 ||    30
       Whip              |    20 |       ||    20
       Punch             |     1 |       ||     1
       Staff             |       |     5 ||     5
 Cast: Magic Dart        |   117 |    89 ||   206
  Use: Scroll            |       |     3 ||     3
Armor: Robe              |     8 |    16 ||    24
Dodge: Dodged            |    32 |    31 ||    63
